AoeStats
← JJ.RAMBO

Black Forest

507670185Analyzed
3v3 RM · 12d ago on Sep 19, 2026· 69m 46s· 6 players
Game mode
Random Map
Map size
Normal (6 player)
Population
200
Speed
Normal
Resources
Standard
Victory
Conquest
Starting age
Dark Age
Ending age
Imperial Age
RankedLock teamsTeams togetherTeam positionsShared explorationLock speedFull tech treeHidden civsTurbo modeCheats
Victory
Defeat
🇵🇪 Mongols · Peru
995
+17
🇵🇪 Persians · Peru
984
+18
🇵🇪 Khmer · Peru
983
+18
🇩🇪 Celts · Germany
1072
-41
🇲🇽 Gurjaras · Mexico
1008
-17
🇨🇴 Italians · Colombia
981
-16
JJ.RAMBO
0:33 Loom
12:30 Feudal Age
21:22 Castle Age
19:39 Double-Bit Axe
20:59 Horse Collar
25:05 Gold Mining
25:58 Stone Mining
26:53 Wheelbarrow
32:21 Imperial Age
29:51 Fletching
32:53 Bodkin Arrow
33:43 Caravan
33:35 Town Watch
34:31 Conscription
35:14 Hand Cart
35:15 Bow Saw
35:43 Onager
36:50 Padded Archer Armor
38:00 Pikeman
39:49 Ballistics
42:24 Elite Genoese Crossbowman
44:10 Chemistry
44:25 Scale Mail Armor
44:36 Forging
45:13 Bloodlines
44:23 Light Cavalry
48:57 Bracer
51:41 Hussar
53:07 Scale Barding Armor
54:41 Husbandry
55:39 Leather Archer Armor
65:45 Two-Man Saw
69:40 Ring Archer Armor
dantealhz
0:33 Loom
10:16 Feudal Age
16:05 Fishing Lines
19:20 Castle Age
20:09 Gillnets
21:37 Gold Mining
22:52 Wheelbarrow
22:05 Town Watch
23:03 Horse Collar
27:18 Double-Bit Axe
28:12 Gold Shaft Mining
27:33 Stone Mining
28:44 Bow Saw
28:15 Horse Collar
29:34 Fortified Wall
31:13 Hand Cart
31:02 Heavy Plow
31:41 Stone Shaft Mining
32:07 Caravan
34:56 Imperial Age
33:09 Ballistics
32:44 Fletching
33:05 Forging
36:33 Crop Rotation
36:07 Town Patrol
37:16 Chemistry
36:02 Treadmill Crane
36:33 Masonry
36:19 Murder Holes
38:10 Chemistry
37:16 Bodkin Arrow
37:56 Iron Casting
37:26 Scale Barding Armor
37:21 Scale Mail Armor
37:21 Padded Archer Armor
37:33 Kshatriyas
37:48 Conscription
37:55 Conscription
38:33 Bracer
39:35 Arson
40:38 Chain Barding Armor
41:10 Architecture
41:55 Husbandry
42:05 Bloodlines
41:17 Elite Shrivamsha Rider
42:21 Chain Mail Armor
42:22 Leather Archer Armor
42:31 Frontier Guards
42:13 Heavy Camel Rider
43:00 Elite Elephant Archer
43:48 Thumb Ring
43:09 Elite Skirmisher
44:38 Plate Barding Armor
44:33 Plate Mail Armor
44:39 Hoardings
46:47 Elite Chakram Thrower
47:11 Man-at-Arms
47:16 Crossbowman
49:13 Onager
50:10 Light Cavalry
60:06 Hussar
Lotus
8:35 Loom
12:37 Feudal Age
17:32 Castle Age
15:50 Horse Collar
15:56 Double-Bit Axe
16:06 Stone Mining
16:36 Gold Mining
18:33 Wheelbarrow
18:43 Fletching
19:36 Town Watch
28:13 Hand Cart
29:15 Pikeman
29:42 Arson
31:39 Bodkin Arrow
32:06 Heavy Plow
32:18 Bow Saw
33:16 Town Patrol
34:04 Fortified Wall
34:05 Masonry
34:41 Forging
34:31 Scale Mail Armor
35:38 Gold Shaft Mining
35:38 Stone Shaft Mining
34:49 Man-at-Arms
35:15 Gambesons
38:11 Imperial Age
37:37 Murder Holes
38:02 Ballistics
38:24 Iron Casting
38:04 Chain Mail Armor
39:02 Long Swordsman
39:04 Halberdier
39:39 Elite Woad Raider
40:44 Conscription
41:50 Blast Furnace
41:20 Plate Mail Armor
40:15 Two-Handed Swordsman
40:30 Capped Ram
41:56 Caravan
41:50 Champion
45:21 Chemistry
44:15 Siege Ram
45:33 Siege Engineers
50:41 Furor Celtica
62:43 Hoardings
69:39 Coinage
LEONIDAS
0:33 Loom
14:12 Feudal Age
15:29 Horse Collar
15:36 Double-Bit Axe
18:23 Gold Mining
20:40 Stone Mining
23:27 Castle Age
25:55 Stone Shaft Mining
25:56 Gold Shaft Mining
25:34 Heavy Plow
26:09 Bow Saw
30:58 Fletching
34:33 Imperial Age
33:02 Padded Archer Armor
33:14 Forging
33:25 Kamandaran
34:29 Wheelbarrow
34:59 Leather Archer Armor
36:27 Chemistry
34:54 Crossbowman
35:54 Caravan
36:47 Thumb Ring
37:39 Husbandry
39:29 Ring Archer Armor
41:08 Two-Man Saw
41:36 Iron Casting
42:16 Scale Barding Armor
43:34 Chain Barding Armor
44:14 Blast Furnace
43:29 Bloodlines
44:07 Elite War Elephant
49:43 Onager
63:51 Plate Barding Armor
63:12 Bodkin Arrow
63:58 Heavy Scorpion
65:30 Scale Mail Armor
Jared
0:45 Loom
10:29 Feudal Age
15:03 Castle Age
24:15 Horse Collar
24:23 Double-Bit Axe
25:06 Heavy Plow
25:28 Bow Saw
25:35 Gold Mining
26:51 Gold Shaft Mining
27:15 Stone Mining
30:44 Imperial Age
30:00 Stone Shaft Mining
31:17 Forging
31:12 Scale Barding Armor
32:34 Crop Rotation
33:03 Iron Casting
33:34 Chemistry
33:43 Wheelbarrow
32:53 Town Watch
34:38 Town Patrol
34:54 Caravan
35:31 Hand Cart
36:24 Blast Furnace
35:24 Scale Mail Armor
35:44 Chain Barding Armor
37:21 Conscription
37:02 Double Crossbow
37:02 Tusk Swords
36:22 Elite Ballista Elephant
39:06 Plate Barding Armor
38:24 Fletching
38:35 Scale Mail Armor
38:51 Bloodlines
38:42 Husbandry
38:02 Elite Battle Elephant
40:39 Coinage
40:14 Bodkin Arrow
40:32 Fortified Wall
40:42 Ballistics
40:18 Murder Holes
40:28 Siege Engineers
40:34 Masonry
41:14 Hoardings
43:22 Bracer
43:38 Chain Mail Armor
43:16 Guard Tower
44:42 Banking
43:56 Light Cavalry
43:57 Cavalier
ethan_winters
0:39 Loom
9:58 Feudal Age
18:51 Castle Age
16:47 Horse Collar
17:04 Double-Bit Axe
17:07 Horse Collar
17:49 Stone Mining
23:02 Gold Mining
23:53 Stone Shaft Mining
24:04 Bow Saw
26:52 Wheelbarrow
28:48 Fortified Wall
35:09 Imperial Age
32:55 Forging
33:31 Padded Archer Armor
33:38 Scale Barding Armor
33:25 Fletching
33:55 Heavy Plow
34:34 Gold Shaft Mining
34:40 Hand Cart
35:59 Bodkin Arrow
36:20 Leather Archer Armor
36:41 Iron Casting
36:27 Chain Barding Armor
37:11 Chemistry
36:31 Ballistics
37:19 Town Watch
37:38 Onager
38:28 Town Patrol
39:00 Elite Mangudai
40:01 Conscription
41:34 Bracer
42:35 Blast Furnace
42:03 Drill
42:09 Siege Onager
44:50 Parthian Tactics
44:31 Thumb Ring
44:29 Husbandry
44:40 Bloodlines
44:14 Light Cavalry
45:20 Masonry
46:11 Coinage
45:42 Caravan
45:51 Scale Mail Armor
46:49 Chain Mail Armor
49:19 Plate Mail Armor
57:03 Hussar
59:54 Capped Ram
60:50 Siege Ram
Connection lost

Rejoining the realm…

Still unreachable

The connection could not be restored.

Session expired

The server has moved on; the page needs a fresh start.